 Dungeon Crawl Stone Soup version 0.17-a0-2127-g1cb09f6 (webtiles) character file.

34 wvc the Insei (level 3, 0/29 HPs)
             Began as a Demonspawn Monk on Oct 23, 2015.
             Succumbed to an adder's poison
             ... on level 1 of the Dungeon.
             The game lasted 00:02:23 (1257 turns).

wvc the Insei (Demonspawn Monk)                     Turns: 1257, Time: 00:02:23

Health: 0/29       AC: 10    Str: 11    XL:     3   Next: 14%
Magic:  3/3        EV:  2    Int: 12    God:
Gold:   63         SH:  0    Dex: 15    Spells: 0 memorised, 2 levels left

rFire  . . .     SeeInvis .     r - +0 spear
rCold  + . .     Clarity  .     o - +0 plate armour (curse)
rNeg   . . .     SustAt   .     (no shield)
rPois  .         Gourm    .     (no helmet)
rElec  .         Spirit   .     (no cloak)
rCorr  .         Warding  .     (no gloves)
rMut   .         Stasis   .     (no boots)
MR     .....                    (no amulet)
Stlth  ..........               (no ring)
                                (no ring)

@: lethally poisoned (0 -> -4), very slightly contaminated, invisible
(expiring), not resistant to hostile enchantments, extremely unstealthy
A: cold resistance 1, powered by pain 1
a: no special abilities


You were on level 1 of the Dungeon.
You were not hungry.

You visited 1 branch of the dungeon, and saw 2 of its levels.

You collected 63 gold pieces.

Inventory:

Hand Weapons
 l - a +0 club
 r - a +0 spear (weapon)
Missiles
 j - 13 poisoned needles
Armour
 d - a +0 ring mail
 o - a cursed +0 plate armour (worn)
Scrolls
 a - a scroll of fog {unknown}
 c - a scroll of fear {unknown}
 e - a scroll of amnesia {unknown}
 g - a scroll of blinking {unknown}
 i - 3 scrolls of identify {unknown}
 m - a scroll of remove curse {unknown}
 q - a scroll of teleportation {unknown}
Comestibles
 b - 3 bread rations
 p - 4 meat rations


   Skills:
 - Level 3.4 Fighting
 - Level 1.0 Maces & Flails
 * Level 0.1 Polearms
 + Level 0.8 Armour
 - Level 3.0 Dodging
 - Level 1.7 Stealth
 - Level 3.6 Unarmed Combat


You had 2 spell levels left.
You didn't know any spells.

Dungeon Overview and Level Annotations

Branches:
Dungeon (2/15)

Altars:


Innate Abilities, Weirdness & Mutations

Your flesh is cold resistant.
You sometimes gain a little power by taking damage.


Message History

You are lethally poisoned!
The adder poisons you!
You miss the adder.
The adder is severely wounded.
You flicker for a moment.
* * * LOW HITPOINT WARNING * * *
You feel sick. The adder bites you but does no damage. The adder bites you.
* * * LOW HITPOINT WARNING * * *
Your plate armour prevents you from hitting the adder.
The adder is severely wounded.
The adder bites you but does no damage.
You catch the helpless adder completely off-guard!
You hit the adder.
You kill the adder!
You have reached level 3!
Your experience leads to an increase in your attributes!
Increase (S)trength, (I)ntelligence, or (D)exterity?
You feel clever.
Your demonic ancestry asserts itself...
You feel resistant to cold.
You die...

...............#............#####
###########....#............'...#
##.###............###.#
#..##............# #.#
##.##............# #.#
#.#.>...........# #.#
#...w##############.# ####†#
#.......# ######### #@# #.#####.#
#### #.......# #.# #.# ### ...#
#.......###.# #.# ...#
#.......'...# #.# ...#
#.......######### #.# ...#
#.####### ####..####.# ...# #.#
###...#.##...# ...# #.#
##.......#...## ...# #.#
##........#...#


You could see a worm.

Vanquished Creatures
  An adder (D:1)
  An ooze (D:1)
  A giant cockroach (D:1)
  2 goblins (D:1)
  2 hobgoblins (D:1)
  5 kobolds (D:1)
  3 bats (D:1)
  2 giant newts (D:1)
  2 jackals (D:1)
  3 rats (D:1)
22 creatures vanquished.

Notes
Turn   | Place    | Note
--------------------------------------------------------------
     0 | D:1      | wvc the Demonspawn Monk began the quest for the Orb.
     0 | D:1      | Reached XP level 1. HP: 18/18 MP: 1/1
   127 | D:1      | Gained mutation: You sometimes gain a little power by taking damage. [demonic ancestry]
   127 | D:1      | Reached XP level 2. HP: 18/24 MP: 2/2
   916 | D:1      | Reached skill level 1 in Maces & Flails
  1255 | D:1      | HP: 1/24 [adder (1)]
  1257 | D:1      | Gained mutation: Your flesh is cold resistant. [demonic ancestry]
  1257 | D:1      | Reached XP level 3. HP: 1/29 MP: 3/3
  1257 | D:1      | Succumbed to an adder's poison

Vault maps used:
D:1:      matt_arrival_diagonals, eino_curves_02, minmay_misc_feat_rows,
          supply_closet_lemuel, fountainhead, hex_medium
D:2:      minitemple, makhleb_heckhound_becter, uniq_natasha

Action                   || total
-------------------------++-------
Melee: Unarmed           ||    85
       Spear             ||    34
Throw: Tomahawk          ||     3
  Use: Potion            ||     2
 Stab: Invisible         ||     2
  Eat: Beef jerky        ||     1
